 Dungeon Crawl Stone Soup version 0.31.0-11-ge490571c62 (webtiles) character file.

Game seed: 1853732037230191279

2110 browni3141 the Cleaver (level 9, -5/79 HPs)
             Began as a Minotaur Fighter on Jan 29, 2024.
             Was a Follower of Okawaru.
             Killed from afar by an electric eel (9 damage)
             ... with a bolt of electricity
             ... on level 7 of the Dungeon.
             The game lasted 00:02:33 (5229 turns).

browni3141 the Cleaver (Minotaur Fighter)           Turns: 5229, Time: 00:02:34

Health: -5/79      AC:  9    Str: 25    XL:     9   Next: 7%
Magic:  8/8        EV:  9    Int:  5    God:    Okawaru [*.....]
Gold:   354        SH:  5    Dex: 10    Spells: 8/8 levels left

rFire   . . .        a - +0 war axe
rCold   . . .        c - +0 buckler
rNeg    . . .        b - +0 scale mail
rPois   .            (helmet restricted)
rElec   .            k - +0 cloak
rCorr   .            (no gloves)
SInv    .            (no boots)
Will    .....        y - amulet of faith Stlth
                     (no ring)
HPRegen 0.33/turn    (no ring)
MPRegen 0.11/turn

%: faith
@: very slow
A: horns 2, retaliatory headbutt
a: Renounce Religion, Heroism


You were on level 7 of the Dungeon.
You worshipped Okawaru.
Okawaru was aware of your devotion.
You visited 2 branches of the dungeon, and saw 8 of its levels.

You collected 417 gold pieces.
You spent 63 gold pieces at shops.

Inventory:

Hand Weapons
 a - a +0 war axe (weapon)
Missiles
 i - a throwing net (quivered)
 x - 5 boomerangs
Armour
 b - a +0 scale mail (worn)
 c - a +0 buckler (worn)
 k - a +0 cloak (worn)
Jewellery
 y - an amulet of faith (around neck)
Wands
 B - a wand of roots (11)
Scrolls
 e - a scroll of fear {unknown}
 f - 2 scrolls of fog {unknown}
 g - a scroll of noise {unknown}
 h - 2 scrolls of enchant armour {unknown}
 j - 3 scrolls of teleportation {unknown}
 l - 2 scrolls of enchant weapon {unknown}
 m - 6 scrolls of identify {unknown}
 n - 2 scrolls of amnesia {unknown}
 q - 2 scrolls of revelation {unknown}
 r - 2 scrolls of silence {unknown}
 t - a scroll of poison {unknown}
 u - a scroll of acquirement {unknown}
 v - a scroll of torment {unknown}
Potions
 d - 5 potions of might
 o - a potion of lignification {unknown}
 p - a potion of heal wounds {unknown}
 s - 2 potions of enlightenment {unknown}
 w - a potion of magic {unknown}
 z - a potion of haste {unknown}
 A - a potion of resistance {unknown}


   Skills:
 + Level 7.3 Fighting
 * Level 9.4 Axes
 + Level 7.4 Armour
 + Level 7.3 Shields


You had 8 spell levels left.
You didn't know any spells.
Your spell library contained the following spells:

 Spells                   Type           Power      Damage    Failure   Level
 Sandblast                Erth           0%         2d4       80%         1
 Passwall                 Erth           0%         N/A       99%         3
 Stone Arrow              Conj/Erth      0%         3d7       99%         3
 Brom's Barrelling Bould  Conj/Erth      0%         2d3       100%        4
 Ozocubu's Refrigeration  Ice            0%         4d7       100%        7
 Polar Vortex             Ice            0%         N/A       100%        9
 Sculpt Simulacrum        Ice/Alch       Unusable   N/A       N/A         6
 Malign Gateway           Summ/Tloc      Unusable   N/A       N/A         7
 Summon Horrible Things   Summ           Unusable   N/A       N/A         8

Dungeon Overview and Level Annotations

Branches:
Dungeon (7/15)             Temple (1/1) D:5

Altars:
Cheibriados
Elyvilon
Fedhas
Gozag
Hepliaklqana
Okawaru
Ru
Sif Muna
Trog
Uskayaw
Xom
Yredelemnul
The Shining One

Shops:
D:2 [


Innate Abilities, Weirdness & Mutations

You have a pair of horns on your head.
You reflexively headbutt those who attack you in melee.


Message History

The bolt of electricity hits you! x2
The bolt of electricity hits the electric eel.
The electric eel completely resists.
You slash the electric eel!
You kill the electric eel!
Okawaru accepts your kill.
You hear a splash.
You enter the shallow water.
Moving in this stuff is going to be slow.
Things that are here:
a +0 trident; an orc corpse Key pressed, stopping explore.
Key pressed, stopping explore.
No target in view!
Key pressed, stopping explore.
No target in view!
Key pressed, stopping explore.
No target in view!
Key pressed, stopping explore.
No target in view!
HP restored.
x - 5 boomerangs (gained 2)
Things that are here:
a +0 mace; a +0 chain mail; an orc skeleton You enter the shallow water.
Moving in this stuff is going to be slow.
You see here a +0 hand axe.
Things that are here:
a +0 hand axe; an orc skeleton You enter the shallow water.
Moving in this stuff is going to be slow.
You enter the shallow water.
Moving in this stuff is going to be slow.
You enter the shallow water.
Moving in this stuff is going to be slow.
A phantom comes into view.
A phantom is nearby!
A phantom is nearby!
A phantom is nearby!
A phantom is nearby!
The phantom barely misses you. You furiously retaliate!
You headbutt the phantom. You miss the phantom. You headbutt the phantom!
The phantom is moderately damaged.
The phantom barely misses you. You furiously retaliate!
You headbutt the phantom. You hit the phantom.
Your headbutt misses the phantom.
The phantom is severely damaged.
The phantom completely misses you. You furiously retaliate!
You headbutt the phantom. You closely miss the phantom.
The phantom is severely damaged.
The phantom hits you.
You slash the phantom!
You destroy the phantom!
Okawaru accepts your kill.
No target in view!
No target in view!
Key pressed, stopping explore.
No target in view!
You now have 354 gold pieces (gained 15).
You open the door.
There is an open door here.
You open the large door.
There is a large open door here.
You enter the shallow water.
Moving in this stuff is going to be slow.
You open the door.
There is an open door here.
You enter the shallow water.
Moving in this stuff is going to be slow.
An electric eel comes into view.
The electric eel moves out of view.
You enter the shallow water.
Moving in this stuff is going to be slow.
An electric eel comes into view.
The electric eel shoots out a bolt of lightning at you!
The bolt of electricity misses you. The bolt of electricity hits you!
There are monsters nearby!
There are monsters nearby!
There are monsters nearby!
You closely miss the electric eel. Your headbutt misses the electric eel.
The electric eel shoots out a bolt of lightning at you!
The bolt of electricity hits you! x2
The bolt of electricity hits the electric eel.
The electric eel completely resists.
You slash the electric eel! You headbutt the electric eel.
The electric eel is severely wounded.
The electric eel shoots out a bolt of lightning at you!
The bolt of electricity hits you!! The bolt of electricity hits you!
The bolt of electricity hits the electric eel.
The electric eel completely resists.
Your unstable footing causes you to fumble your attack.
The electric eel shoots out a bolt of lightning at you!
The bolt of electricity hits you. The bolt of electricity hits you!
The bolt of electricity hits the electric eel.
The electric eel completely resists.
The electric eel shoots out a bolt of lightning at you!
The bolt of electricity hits you!
You die...

.~~≈≈≈~~####'#####
..~~≈≈≈~~~##..#
PP.~~≈~≈~###''##
###≈≈≈≈~###....#
~~~≈≈~~~# #....#
~≈≈≈~~~## #....# .
~~≈~~######....######~..
~~≈~~~~~~#.####.#S~~~..P
~≈~≈~~~~~~## ##@~~S....
~~≈≈≈~~~### ###~.P.P#
######### #####


You could see 2 electric eels.

Vanquished Creatures
  Eustachio (D:5)
  The ghost of pigah the Insei, an amateur OpSh (D:4)
  2 water moccasins
  An ice beast (D:5)
  A black bear (D:4)
  An ogre (D:5)
  2 centaurs
  2 phantoms
  A bullfrog (D:6)
  4 scorpions
  An electric eel (D:7)
  2 bombardier beetles (D:5)
  A hound (D:4)
  2 jellies (D:4)
  4 orc priests
  Jessica (D:2)
  An iguana (D:4)
  Natasha (thrice) (D:3)
  3 orc wizards
  4 gnolls (D:3)
  10 adders
  A white imp (D:5)
  4 ufetubi (D:5)
  3 dart slugs
  3 ribbon worms
  19 orcs
  5 ball pythons
  An endoplasm (D:2)
  2 giant cockroaches (D:2)
  8 hobgoblins
  10 jackals
  2 kobolds
  3 quokkas (D:4)
  4 bats
  3 frilled lizards
  6 goblins
  6 rats
128 creatures vanquished.

Vanquished Creatures (others)
  An orc (D:7)
1 creature vanquished.

Grand Total: 129 creatures vanquished

Notes
Turn   | Place    | Note
-------+----------+-------------------------------------------
     0 | D:1      | browni3141 the Minotaur Fighter began the quest for the
                  | Orb.
     0 | D:1      | Reached XP level 1. HP: 19/19 MP: 0/0
   391 | D:2      | Found Izxo's Armour Boutique.
   391 | D:2      | Noticed Jessica
   396 | D:2      | Killed Jessica
   397 | D:2      | Reached skill level 3 in Axes
   397 | D:2      | Reached XP level 2. HP: 27/27 MP: 1/1
   397 | D:2      | Reached XP level 3. HP: 33/33 MP: 2/2
   398 | D:2      | Bought a +0 cloak for 63 gold pieces
   633 | D:2      | Reached XP level 4. HP: 40/40 MP: 3/3
   831 | D:2      | Reached skill level 4 in Axes
  1139 | D:3      | Found an opulent altar of Gozag.
  1173 | D:3      | Reached XP level 5. HP: 47/47 MP: 4/4
  1316 | D:3      | Reached skill level 5 in Axes
  1435 | D:3      | Noticed Natasha
  1440 | D:3      | Killed Natasha
  1441 | D:3      | Reached XP level 6. HP: 55/55 MP: 5/5
  1620 | D:3      | Found a hide-covered altar of Uskayaw.
  1655 | D:3      | Noticed Natasha
  1660 | D:3      | Killed Natasha
  1824 | D:3      | Noticed Natasha
  1829 | D:3      | Killed Natasha
  1830 | D:3      | Reached skill level 5 in Fighting
  1830 | D:3      | Reached skill level 5 in Shields
  1864 | D:4      | Reached skill level 5 in Armour
  1937 | D:4      | Found a bloodstained altar of Trog.
  2004 | D:4      | Found a shimmering altar of Xom.
  2039 | D:4      | Reached skill level 6 in Axes
  2039 | D:4      | Reached XP level 7. HP: 44/61 MP: 6/6
  2095 | D:4      | Found a runed translucent door.
  2099 | D:4      | Noticed pigah's ghost (amateur OpSh)
  2803 | D:4      | Killed pigah's ghost
  2878 | D:5      | Entered Level 5 of the Dungeon
  2908 | D:5      | Noticed Eustachio
  2930 | D:5      | Killed Eustachio
  2931 | D:5      | Reached skill level 7 in Axes
  3158 | D:5      | Found a sacrificial altar of Ru.
  3188 | D:5      | Reached XP level 8. HP: 68/70 MP: 7/7
  3402 | D:5      | Found a staircase to the Ecumenical Temple.
  3444 | Temple   | Entered the Ecumenical Temple
  3453 | Temple   | Became a worshipper of Warmaster Okawaru
  3569 | D:5      | Reached skill level 8 in Axes
  4397 | D:6      | Reached skill level 9 in Axes
  4455 | D:6      | Reached * piety under Okawaru
  4846 | D:7      | Reached XP level 9. HP: 41/79 MP: 8/8
  4851 | D:7      | HP: 1/79 [electric eel/bolt of electricity (11)]
  5229 | D:7      | Killed from afar by an electric eel

Illustrated notes

Levels and vault maps discovered:
D:1:      minmay_arrival_plants_in_alcoves, layout_basic
D:2:      layout_rooms, serial_shops, nicolae_shop_trees,
          dreamdust_princess_bridge, uniq_jessica
D:3:      cheibrodos_pilgrimage, layout_loops_cross, lemuel_doored_altar,
          overflow_temple_1_default, guppyfry_early_orc_mine, uniq_natasha
D:4:      layout_cave_pods, mainiacjoe_overflow_boulevard,
          mainiacjoe_overflow_brackets, gammafunk_ghost_grave
D:5:      layout_loops_ring, nicolae_ru_great_annihilating_truth,
          temple_doors_e, uniq_eustachio
D:6:      layout_basic, minmay_misc_feat_nine_boxes
D:7:      wad_lake_hut, layout_loops_corners,
          regret_index_kikubaaqudgha_part_by_part, monkooky_shop_mail_order
Temple:   nicolae_temple_superstar

Skill      XL: |  1  2  3  4  5  6  7  8 |
---------------+-------------------------+-----
Fighting       | 4 5 6 7 |  7.3
Axes           | 3 4 5 6 7 9 |  9.4
Armour         | 4 5 6 7 |  7.4
Shields        | 4 5 6 7 |  7.3

Action                     |  1- 3 |  4- 6 |  7- 9 || total
---------------------------+-------+-------+-------++-------
  Melee: War axe           |    34 |   119 |   152 ||   305
         Headbutt          |     3 |    15 |    25 ||    43
  Throw: Throwing net      |     1 |       |       ||     1
   Stab: Paralysed         |       |       |     1 ||     1
 Armour: Scale mail        |    20 |    90 |   145 ||   255
  Dodge: Dodged            |    21 |    44 |    86 ||   151
  Block: Buckler           |     6 |    28 |    42 ||    76
